 Dungeon Crawl Stone Soup version 0.28.0 (webtiles) character file.

Game seed: 14771016879893424400

3 styxcanada the Stinger (level 1, 0/10 HPs)
             Began as a Deep Elf Venom Mage on Feb 6, 2022.
             Frozen to death by an endoplasm (5 damage)
             ... on level 1 of the Dungeon.
             The game lasted 00:01:03 (200 turns).

styxcanada the Stinger (Deep Elf Venom Mage)         Turns: 200, Time: 00:01:04

Health: 0/10       AC:  2    Str:  5    XL:     1   Next: 41%
Magic:  5/6        EV: 12    Int: 19    God:
Gold:   0          SH:  0    Dex: 15    Spells: 5/6 levels left

rFire   . . .      SeeInvis .   d - +0 mace
rCold   . . .      Faith    .   (no shield)
rNeg    . . .      Spirit   .   a - +0 robe
rPois   .          Reflect  .   (no helmet)
rElec   .          Harm     .   (no cloak)
rCorr   .          Rampage  .   (no gloves)
Will    .....                   (no boots)
Stlth   ++........              (no amulet)
HPRegen 0.03/turn               (no ring)
MPRegen 0.10/turn               (no ring)

@: no status effects
A: no striking features
a: no special abilities


You were on level 1 of the Dungeon.
You visited 1 branch of the dungeon, and saw 1 of its levels.

Inventory:

Hand Weapons
 b - a +0 hunting sling
 d - a +0 mace (weapon)
Missiles
 c - 41 stones
Armour
 a - a +0 robe (worn)
Potions
 e - a potion of haste {unknown}
 f - 2 potions of degeneration {unknown}


   Skills:
 + Level 2.4 Dodging
 * Level 2.4 Stealth
 * Level 3.1 Spellcasting
 * Level 1.2 Transmutations
 * Level 3.4 Poison Magic


You had 5 spell levels left.
You knew the following spells:

 Your Spells              Type           Power      Damage    Failure   Level
a - Sting                 Tmut/Pois      44%        1d5       6%          1

Your spell library contained the following spells:

 Spells                   Type           Power      Damage    Failure   Level
 Poisonous Vapours        Pois/Air       18%        N/A       12%         2
 Mephitic Cloud           Conj/Pois/Air  7%         N/A       28%         3
 Olgreb's Toxic Radiance  Pois           15%        N/A       36%         4


Dungeon Overview and Level Annotations

Branches:
Dungeon (1/15)

Altars:


Message History

The quokka bites you.
You hit the quokka.
You kill the quokka!
HP restored.
You open the door.
There is an open door here.
A bat comes into view.
An endoplasm comes into view.
The bat closely misses you.
Casting: Sting (safe; 6% risk of failure)
Confirm with . or Enter, or press ? or * to list all spells.
Aiming: Sting (safe; 6% risk of failure)
Press: ? - help, Shift-Dir - straight line, f - bat
Aim: a bat (57% to hit)
The sting hits the bat.
The bat is poisoned.
The bat is severely wounded.
You kill the bat!
A rat comes into view.
Found 6 poisoned darts.
A goblin and a ball python come into view.
The helpless endoplasm fails to defend itself.
You hit the endoplasm but do no damage. The endoplasm closely misses you.
The endoplasm freezes you.
You are frozen.
Ouch! That really hurt!
You barely miss the endoplasm. The endoplasm misses you.
A jackal comes into view.
Found 7 gold pieces.
The endoplasm hits you.
Casting: Sting (safe; 6% risk of failure)
Confirm with . or Enter, or press ? or * to list all spells.
Aiming: Sting (safe; 6% risk of failure)
Press: ? - help, Shift-Dir - straight line, f - endoplasm
Aim: an endoplasm (98% to hit)
The sting hits the endoplasm.
The endoplasm is poisoned.
The endoplasm is lightly wounded.
The endoplasm freezes you.
You are frozen.
Ouch! That really hurt!
You die...

. #....###..r....######
.....................+
#########.#..#.#.####
#.#..#.# # #.#..#.# #.#..#r#
#######'#..#g# #########
...........#J#. #.........
.........^.#@#.##..........
.............# .............
..........##...#............
...............#............
########'########............
.............................
.........##...####...........
..............# #...........
..............# ##...†.†.....


You could see an endoplasm (poisoned), a goblin and a rat.

Vanquished Creatures
  A quokka (D:1)
  2 ball pythons (D:1)
  A bat (D:1)
4 creatures vanquished.

Notes
Turn   | Place    | Note
-------+----------+-------------------------------------------
     0 | D:1      | styxcanada the Deep Elf Venom Mage began the quest for the
                  | Orb.
     0 | D:1      | Reached XP level 1. HP: 10/10 MP: 6/6
   200 | D:1      | Frozen to death by an endoplasm

Illustrated notes

Levels and vault maps discovered:
D:1:      minmay_arrival_stair_chambers, layout_basic,
          dreamdust_ecumenical_altar_statues, minmay_pentomino_z2

Action                   || total
-------------------------++-------
Melee: Mace              ||     3
 Cast: Sting             ||     5
 Stab: Sleeping          ||     1
Dodge: Dodged            ||     3
